 Dungeon Crawl Stone Soup version 0.19.4-8-ga85b6b9 (webtiles) character file.

46 uglyjohn the Firebug (level 3, 0/19 HPs)
             Began as a Deep Elf Fire Elementalist on Feb 8, 2017.
             Slain by a hobgoblin
             ... wielding a +0 club
              (1 damage)
             ... on level 2 of the Dungeon.
             The game lasted 00:02:50 (1676 turns).

uglyjohn the Firebug (Deep Elf Fire Elementalist)   Turns: 1676, Time: 00:02:50

Health: 0/19       AC:  2    Str:  5    XL:     3   Next: 46%
Magic:  4/10       EV: 18    Int: 20    God:
Gold:   92         SH:  0    Dex: 20    Spells: 2 memorised, 6 levels left

rFire  . . .     SeeInvis .     g - +0 spear
rCold  . . .     Gourm    .     a - +0 robe
rNeg   . . .     Faith    .     (no shield)
rPois  .         Spirit   .     (no helmet)
rElec  .         Reflect  .     (no cloak)
rCorr  .         Harm     .     (no gloves)
MR     .....                    (no boots)
Stlth  +++.......               (no amulet)
                                (no ring)
                                (no ring)

@: agile, lethally poisoned (0 -> -6), very slightly contaminated
A: no striking features
a: no special abilities


You were on level 2 of the Dungeon.
You were not hungry.

You visited 1 branch of the dungeon, and saw 2 of its levels.

You collected 92 gold pieces.

Inventory:

Hand Weapons
 g - a +0 spear (weapon)
Armour
 a - a +0 robe (worn)
Jewellery
 h - a +3 ring of slaying {unknown}
Scrolls
 d - a scroll of enchant weapon {unknown}
 e - 5 scrolls of remove curse {unknown}
 j - a scroll of teleportation {unknown}
 m - a scroll of identify {unknown}
 o - a scroll of immolation {unknown}
Potions
 l - a potion of curing {unknown}
 p - a potion of flight {unknown}
Books
 b - a book of Flames

   Spells                             Type                      Level
   a - Flame Tongue                   Conjuration/Fire             1
   b - Throw Flame                    Conjuration/Fire             2
   c - Conjure Flame                  Conjuration/Fire             3
   d - Inner Flame                    Hexes/Fire                   3
   e - Sticky Flame                   Conjuration/Fire             4
   f - Fireball                       Conjuration/Fire             5
Comestibles
 c - a bread ration
 f - a beef jerky
 k - 4 chunks of flesh
 n - 3 fruits


   Skills:
 - Level 2.4 Dodging
 - Level 2.4 Stealth
 + Level 3.7 Spellcasting
 + Level 2.1 Conjurations
 * Level 4.1 Fire Magic


You had 6 spell levels left.
You knew the following spells:

 Your Spells              Type           Power        Failure   Level  Hunger
a - Flame Tongue          Conj/Fire      ###..        3%          1    None
b - Throw Flame           Conj/Fire      ###...       6%          2    ##.....


Dungeon Overview and Level Annotations

Branches:
Dungeon (2/15)

Altars:


Message History

Aim: an adder The flame tongue misses the adder.
* * * LOW HITPOINT WARNING * * *
You feel sick. The adder completely misses you.
The hobgoblin barely misses you. The adder misses you.
Casting: Flame Tongue
Confirm with . or Enter, or press ? or * to list all spells.
Aiming: Flame Tongue
Press: ? - help, Shift-Dir - straight line, f/p - adder
Aim: an adder The flame tongue hits the adder.
The adder is heavily wounded.
The hobgoblin closely misses you. The adder closely misses you.
The hobgoblin barely misses you.
It was a potion of agility.
You feel agile all of a sudden.
* * * LOW HITPOINT WARNING * * *
You feel sick. The adder closely misses you.
The hobgoblin hits you with a club.
You die...

.......... # ..........
.. #........# .
#.......# #.. #.>.....#
#.# #....... #.####
#...gS###### #.....
#...g@.....### ##.....
#.......###...###......
#.......# ###..........
#.......# #####......
##=....## ##..........
##...## #..##...(...
#########
####.###.#..... #....#
#....# #.#..(..
#....#######.####
#.###(..


You could see an adder and 2 hobgoblins.

Vanquished Creatures
  A gnoll (D:1)
  2 worms (D:2)
  2 dart slugs (D:1)
  5 bats
  A giant cockroach (D:1)
  5 goblins
  5 hobgoblins (D:1)
  3 kobolds
  A frilled lizard (D:2)
  3 rats (D:1)
28 creatures vanquished.

Notes
Turn   | Place    | Note
-------+----------+-------------------------------------------
     0 | D:1      | uglyjohn the Deep Elf Fire Elementalist began the quest for the Orb.
     0 | D:1      | Reached XP level 1. HP: 10/10 MP: 6/6
   277 | D:1      | Reached XP level 2. HP: 15/15 MP: 4/8
   642 | D:1      | Reached skill level 4 in Fire Magic
   667 | D:1      | Learned a level 2 spell: Throw Flame
   698 | D:1      | Reached XP level 3. HP: 19/19 MP: 8/10
  1676 | D:2      | Slain by a hobgoblin

Skill      XL: |  1  2  3 |
---------------+----------+-----
Fire Magic     | 4 |  4.1
Conjurations   | 2 |  2.1
Dodging        | |  2.4
Stealth        | |  2.4
Spellcasting   | |  3.7

Action                   || total
-------------------------++-------
Melee: Spear             ||    10
 Cast: Flame Tongue      ||    65
  Use: Potion            ||     1
 Stab: Sleeping          ||     1
  Eat: Chunk             ||     2
Armor: Robe              ||     5
Dodge: Dodged            ||    28
